 Dungeon Crawl Stone Soup version 0.32-a0-928-g1cae6b7ea0 (webtiles) character file.

Game seed: 14643284679865350457

658 Griffin23 the Slasher (level 7, 0/91 HPs)
             Began as a Minotaur Berserker on Apr 12, 2024.
             Was a Believer of Trog.
             Incinerated by a bombardier beetle (3 damage)
             ... with a burning spray
             ... on level 5 of the Dungeon.
             The game lasted 00:05:50 (4438 turns).

Griffin23 the Slasher (Minotaur Berserker)          Turns: 4438, Time: 00:05:51

Health: 0/91       AC:  7    Str: 24    XL:     7   Next: 29%
Magic:  6/6        EV: 16    Int:  4    God:    Trog [**....]
Gold:   155        SH:  0    Dex:  9    Spells: 6/6 levels left

rFire   . . .        a - +0 falchion
rCold   . . .        (no shield)
rNeg    . . .        k - +0 ring mail
rPois   .            (helmet restricted)
rElec   .            j - +0 cloak
rCorr   .            (no gloves)
SInv    .            (no boots)
Will    .....        e - amulet of faith Stlth
                     o - +5 ring of evasion
HPRegen 0.35/turn    (no ring)
MPRegen 0.10/turn

%: faith
@: berserking, on fire, glowing, very quick
A: horns 2, retaliatory headbutt
a: Renounce Religion, Berserk, Trog's Hand


You were on level 5 of the Dungeon.
You worshipped Trog.
Trog was pleased with you.
You visited 1 branch of the dungeon, and saw 5 of its levels.

You collected 155 gold pieces.

Inventory:

Hand Weapons
 a - a +0 falchion (weapon)
Armour
 b - a +0 animal skin
 j - a +0 cloak (worn)
 k - a +0 ring mail (worn)
Jewellery
 e - an amulet of faith (around neck)
 o - a +5 ring of evasion (left hand)
 u - a ring of poison resistance
Scrolls
 d - a scroll of fear {unknown}
 h - a scroll of enchant armour {unknown}
 n - 3 scrolls of torment {unknown}
 p - 2 scrolls of noise {unknown}
 q - a scroll of fog {unknown}
 r - 2 scrolls of identify {unknown}
 s - a scroll of immolation {unknown}
Potions
 c - a potion of lignification {unknown}
 f - a potion of degeneration {unknown}
 g - a potion of haste {unknown}
 i - a potion of attraction {unknown}
 l - a potion of berserk rage {unknown}
 m - 2 potions of might {unknown}
 t - 2 potions of curing {unknown}
 v - a potion of heal wounds {unknown}


   Skills:
 + Level 5.6 Fighting
 * Level 7.1 Long Blades
 + Level 4.8 Armour
 + Level 4.3 Dodging


You had 6 spell levels left.
You didn't know any spells.
Your spell library was empty.

Dungeon Overview and Level Annotations

Branches:
Dungeon (5/15)
 Temple: D:4-7

Altars:
Gozag
Kikubaaqudgha


Innate Abilities, Weirdness & Mutations

You have a pair of horns on your head.
You reflexively headbutt those who attack you in melee.


Message History

The bombardier beetle sprays incendiary fluid at you.
The burning spray hits you.
You are covered in liquid fire!
You shake off some of the fire as you move.
The liquid fire burns you! The ogre misses you.
The bombardier beetle closely misses you.
You furiously retaliate!
You headbutt the bombardier beetle. You barely miss the bombardier beetle.
You headbutt the bombardier beetle.
The bombardier beetle is severely wounded.
The liquid fire burns you!
You hit the bombardier beetle.
You kill the bombardier beetle!
Trog accepts your kill. The liquid fire burns you!
The ogre hits you with a +0 giant spiked club!!
You are too injured to fight recklessly!
You hit the ogre.
The ogre is lightly wounded.
The liquid fire burns you! The ogre barely misses you. You furiously retaliate!
You headbutt the ogre. You barely miss the ogre.
The ogre is moderately wounded.
The liquid fire burns you!
* * * LOW HITPOINT WARNING * * *
A red film seems to cover your vision as you go berserk!
You feel yourself moving faster!
You feel mighty! The liquid fire burns you!
* * * LOW HITPOINT WARNING * * *
The ogre hits you with a +0 giant spiked club!
* * * LOW HITPOINT WARNING * * *
You are too berserk!
You closely miss the ogre.
The ogre is moderately wounded.
The liquid fire burns you!
* * * LOW HITPOINT WARNING * * *
You hit the ogre.
The ogre is heavily wounded.
The liquid fire burns you!
You die...

#..... ##.....###+###.
#..............
#..............
#..............
#....>.........
#.....O........
#......@....... ##+##
#######....#### ...#...
#.....#....+ ...#....
#.....'....# ...##...
#.....#.(..# ...##..#
##...##....#
...##..####...###+#....
...#..............#....
#'###.............#.....


You could see an ogre.

Vanquished Creatures
  Sigmund (D:5)
  A black bear (D:4)
  A phantom (D:5)
  A vampire bat (D:4)
  A howler monkey (D:4)
  2 bombardier beetles (D:5)
  A hound (D:3)
  A jelly (D:4)
  5 adders
  2 ribbon worms
  2 dart slugs
  An orc (D:4)
  4 ball pythons
  6 bats
  2 bat skeletons (D:4)
  3 bat zombies (D:4)
  6 endoplasms
  2 giant cockroaches
  2 goblins (D:3)
  5 hobgoblins
  4 jackals (D:3)
  2 quokkas
  2 frilled lizards
  6 kobolds
  7 rats
70 creatures vanquished.

Notes
Turn   | Place    | Note
-------+----------+-------------------------------------------
     0 | D:1      | Griffin23 the Minotaur Berserker began the quest for the
                  | Orb.
     0 | D:1      | Reached XP level 1. HP: 19/19 MP: 0/0
   308 | D:1      | Reached XP level 2. HP: 24/27 MP: 1/1
   454 | D:1      | Reached skill level 4 in Long Blades
  1372 | D:2      | Reached XP level 3. HP: 33/33 MP: 2/2
  2207 | D:3      | Reached XP level 4. HP: 40/40 MP: 3/3
  2211 | D:3      | Reached ** piety under Trog
  2274 | D:3      | Reached skill level 5 in Long Blades
  2938 | D:4      | Reached XP level 5. HP: 38/47 MP: 4/4
  3303 | D:4      | Noticed a black bear
  3314 | D:4      | Killed a black bear
  3315 | D:4      | Reached XP level 6. HP: 55/55 MP: 5/5
  3454 | D:4      | Reached skill level 6 in Long Blades
  3673 | D:4      | Found an opulent altar of Gozag.
  3808 | D:4      | Reached skill level 5 in Fighting
  3881 | D:4      | Found an ancient bone altar of Kikubaaqudgha.
  4158 | D:5      | Entered Level 5 of the Dungeon
  4311 | D:5      | Noticed Sigmund
  4331 | D:5      | Killed Sigmund
  4332 | D:5      | Reached skill level 7 in Long Blades
  4332 | D:5      | Reached XP level 7. HP: 61/61 MP: 6/6
  4437 | D:5      | HP: 2/91 [burnt (3)]
  4438 | D:5      | Incinerated by a bombardier beetle

Illustrated notes

Levels and vault maps discovered:
D:1:      minmay_arrival_widening_spiral_wide, layout_rooms, chequers_jeans,
          chequers_decorated_corner, nrook_campfire, grunt_decor_clamped,
          lemuel_flame_loot_1
D:2:      layout_basic, serial_co_window_serial, co_window_paths_b,
          co_window_paths_a, co_window_of_opportunity_a, co_window_paths_b,
          co_window_cross_1, co_window_corner_a, co_window_paths_b,
          co_window_unsneaky_path_b, co_window_2corner,
          co_window_of_opportunity_b, co_window_of_opportunity_b,
          co_window_corner_b, co_window_cross_2, glass_columns_c,
          glass_columns_b, glass_columns_a, glass_columns_c
D:3:      layout_loops_ring, ebering_dispersal_statue_hall,
          kennysheep_minor_cross, chequers_big_river
D:4:      layout_layer_cave, grunt_gozag_breadcrumbs, kennysheep_vampire_church
D:5:      layout_gridville, uniq_edmund, uniq_sigmund, uniq_blork_the_orc

Skill      XL: |  1  2  3  4  5  6 |
---------------+-------------------+-----
Long Blades    | 4 5 7 |  7.1
Fighting       | 4 5 |  5.6
Armour         | 3 4 |  4.8
Dodging        | 3 4 |  4.3

Action                     |  1- 3 |  4- 6 |  7- 9 || total
---------------------------+-------+-------+-------++-------
  Melee: Falchion          |    79 |   107 |     6 ||   192
         Headbutt          |    21 |    12 |     1 ||    34
 Invoke: Berserk           |       |     2 |     1 ||     3
   Stab: Sleeping          |     1 |       |       ||     1
 Armour: Animal skin       |    33 |       |       ||    33
         Ring mail         |    26 |    60 |     2 ||    88
  Dodge: Dodged            |    46 |    84 |     3 ||   133

Table legend: (Time is in decaauts)
 A = Elapsed time spent in this place.
 B = Non-inter-level travel time spent in this place.
 C = Inter-level travel time spent in this place.
 D = Time resting spent in this place.
 E = Time spent auto-exploring this place.
 F = Levels seen in this place.
 G = Mean time per level.
                   A        B        C        D        E       F      G
               +--------+--------+--------+--------+--------+-----+--------+
         Total |   4473 |   3977 |    496 |    205 |   3226 |   5 |  894.6 |
       Dungeon |   4473 |   3977 |    496 |    205 |   3226 |   5 |  894.6 |
               +--------+--------+--------+--------+--------+-----+--------+

Top non-repeatable levels by time:
     D:4: 1258 daAuts
     D:2: 1239 daAuts
     D:3: 933 daAuts
     D:1: 757 daAuts
     D:5: 284 daAuts
